 Dungeon Crawl Stone Soup version 0.31-a0-152-g6aa68a64a1 (webtiles) character file.

Game seed: 8973737392492679952

67 qw the Shooter (level 4, -5/39 HPs)
             Began as a Naga Hunter on June 10, 2023.
             Slain by a goblin
             ... wielding a +0 club
             ... led by Robin
              (6 damage)
             ... on level 2 of the Dungeon.
             The game lasted 00:00:24 (1032 turns).

qw the Shooter (Naga Hunter)                        Turns: 1032, Time: 00:00:25

Health: -5/39      AC:  2    Str: 14    XL:     4   Next: 18%
Magic:  4/4        EV:  9    Int:  9    God:
Gold:   58         SH:  0    Dex: 16    Spells: 3/3 levels left

rFire   . . .        Y - +0 shortbow
rCold   . . .        (shield currently unavailable)
rNeg    . . .        c - +0 leather armour
rPois   +            (no helmet)
rElec   .            (no cloak)
rCorr   .            (no gloves)
SInv    +            (no barding)
Will    .....        (no amulet)
Stlth   ++           (no ring)
HPRegen 0.26/turn    (no ring)
MPRegen 0.09/turn

%: no passive effects
@: short of breath, very slow
A: AC +1, large, see invisible, deformed body, poison resistance, slowness 2,
spit poison 1, naga tail 1
a: Spit Poison


You were on level 2 of the Dungeon.
You visited 1 branch of the dungeon, and saw 2 of its levels.

You collected 58 gold pieces.


Innate Abilities, Weirdness & Mutations

Your serpentine skin is tough. (AC +1)
You have supernaturally acute eyesight. (SInv)
Armour fits poorly on your strangely shaped body.
Your system is resistant to poisons. (rPois)
You cover ground very slowly.
You can spit poison.
You have a snake-like lower body.


   Skills:
 + Level 2.0 Fighting
 - Level 5.1 Ranged Weapons
 - Level 1.5 Dodging
 - Level 1.5 Stealth


You had 3 spell levels left.
You didn't know any spells.
Your spell library was empty.

Inventory:

Hand Weapons
 Y - a +0 shortbow (weapon)
Armour
 c - a +0 leather armour (worn)
Jewellery
 b - an amulet of guardian spirit
Potions
 a - a potion of berserk rage {unknown}
 j - a potion of heal wounds {unknown}
 k - 2 potions of curing

Dungeon Overview and Level Annotations

Branches:
Dungeon (2/15)

Altars:

Annotations:
D:2 Robin


Message History

The hobgoblin shouts!
The goblin shouts!
You hear a shout!
A goblin comes into view. It is wielding a +0 club.
Robin throws the goblin at you!
You shoot an arrow. The arrow closely misses the goblin.
The goblin closely misses you.
You shoot an arrow. The arrow hits the goblin.
The goblin is severely wounded.
The goblin barely misses you. x2; Robin throws the goblin at you!
1027 ||| Stepping ~*~*~tactically~*~*~ (outnumbered).
The goblin attacks as you move away! The goblin hits you with a +0 club.
The goblin attacks as you move away! The goblin hits you with a +0 dagger.
The goblin closely misses you.
You hear a zap.
You hear a grinding noise.
You shoot an arrow. The arrow misses the goblin.
You have got your breath back.
The goblin closely misses you. Robin throws the goblin at you!
The goblin hits you but does no damage.
1029 ||| INVOKING Spit Poison.
Aiming: Spit Poison (1% risk of failure)
Press: ? - help, Shift-Dir - straight line, f/p - goblin The splash of poison hits the goblin!
The goblin is poisoned.
You kill the goblin!
The goblin hits you with a +0 club.
Robin roars a battlecry!
The goblins go into a battle-frenzy!
The goblin hits you with a +0 club. The goblin hits you with a +0 dagger.
You shoot an arrow.
The arrow hits the goblin but does no damage.
The goblin hits you with a +0 club. The goblin hits you but does no damage.
The hobgoblin hits you. The goblin barely misses you.
The goblin completely misses you.
You shoot an arrow. The arrow misses the goblin.
The goblin misses you. The goblin hits you with a +0 club.
You hear a zap.
Some rock shatters into small pieces.
The goblin hits you with a +0 club. The hobgoblin hits you.
The goblin hits you with a +0 club.
You shoot an arrow. The arrow hits the goblin.
You kill the goblin!
The hobgoblin hits you. The goblin hits you with a +0 club.
You die...

## .#.############
...............
...............
.....gggg...... #.gg).#
#g@g.# ##g..# #...#
#########....#
#......##..%..##
#.####.#.......# ###
##.####.#.#.###.#####.##
#.....#.#.#.<..........#
#..##........##.#####.##


You could see Robin, 3 hobgoblins and 5 goblins.

Vanquished Creatures
  Jessica (D:2)
  2 dart slugs (D:1)
  5 ball pythons
  6 bats
  An endoplasm (D:1)
  A giant cockroach (D:1)
  8 goblins
  2 hobgoblins (D:1)
  2 kobolds (D:1)
  A quokka (D:1)
  2 frilled lizards
  5 rats (D:1)
36 creatures vanquished.

Notes
Turn   | Place    | Note
-------+----------+-------------------------------------------
     0 | D:1      | qw the Naga Hunter began the quest for the Orb.
     0 | D:1      | Reached XP level 1. HP: 19/19 MP: 1/1
     0 | D:1      | 0 ||| qw: Version: 0.2-a-29-gd901d54
     0 | D:1      | 0 ||| qw: Game counter: 3947
     0 | D:1      | 0 ||| qw: Always use a shield: true
     0 | D:1      | 0 ||| qw: God list: Okawaru
     0 | D:1      | 0 ||| qw: Allow faded altars: false
     0 | D:1      | 0 ||| qw: Do Orc after D:15 true
     0 | D:1      | 0 ||| qw: Do second Lair branch before Depths: true
     0 | D:1      | 0 ||| qw: Lair rune preference: random
     0 | D:1      | 0 ||| qw: Plans: Normal
     0 | D:1      | 0 ||| PLANNING D:1-11
    14 | D:1      | 14 ||| INVOKING Spit Poison.
    63 | D:1      | 63 ||| INVOKING Spit Poison.
    91 | D:1      | 91 ||| INVOKING Spit Poison.
    93 | D:1      | Reached skill level 4 in Ranged Weapons
    93 | D:1      | Reached XP level 2. HP: 22/26 MP: 2/2
   138 | D:1      | 138 ||| INVOKING Spit Poison.
   189 | D:1      | 189 ||| INVOKING Spit Poison.
   221 | D:1      | 221 ||| INVOKING Spit Poison.
   226 | D:1      | 226 ||| INVOKING Spit Poison.
   343 | D:1      | 343 ||| INVOKING Spit Poison.
   349 | D:1      | 349 ||| INVOKING Spit Poison.
   354 | D:1      | 354 ||| INVOKING Spit Poison.
   460 | D:1      | 460 ||| INVOKING Spit Poison.
   463 | D:1      | 463 ||| INVOKING Spit Poison.
   466 | D:1      | Reached XP level 3. HP: 32/32 MP: 3/3
   482 | D:1      | 482 ||| INVOKING Spit Poison.
   483 | D:1      | 483 ||| INVOKING Spit Poison.
   486 | D:1      | 486 ||| INVOKING Spit Poison.
   509 | D:1      | 509 ||| INVOKING Spit Poison.
   513 | D:1      | 513 ||| INVOKING Spit Poison.
   517 | D:1      | 517 ||| INVOKING Spit Poison.
   534 | D:1      | 534 ||| INVOKING Spit Poison.
   679 | D:1      | 679 ||| INVOKING Spit Poison.
   745 | D:1      | 745 ||| READING 2 scrolls labelled WEUTRU ACLUUTI.
   746 | D:1      | 746 ||| READING scroll labelled NOEGRA VUPA.
   747 | D:1      | 747 ||| READING scroll labelled GYID MEXZEIM.
   748 | D:1      | 748 ||| READING scroll labelled XOJEUF VECSA.
   749 | D:1      | 749 ||| READING scroll labelled ENWUOS SIPRU.
   750 | D:1      | 750 ||| READING scroll labelled XIFIAMP ABLIO.
   751 | D:1      | 751 ||| DROPPING scroll of amnesia.
   752 | D:1      | 752 ||| DROPPING scroll of butterflies.
   764 | D:2      | 764 ||| INVOKING Spit Poison.
   836 | D:2      | 836 ||| INVOKING Spit Poison.
   853 | D:2      | 853 ||| INVOKING Spit Poison.
   859 | D:2      | 859 ||| INVOKING Spit Poison.
   884 | D:2      | Noticed Jessica
   885 | D:2      | 885 ||| INVOKING Spit Poison.
   887 | D:2      | Killed Jessica
   888 | D:2      | Reached skill level 5 in Ranged Weapons
   888 | D:2      | Reached XP level 4. HP: 39/39 MP: 4/4
  1023 | D:2      | Noticed Robin
  1024 | D:2      | 1024 ||| INVOKING Spit Poison.
  1027 | D:2      | 1027 ||| Stepping ~*~*~tactically~*~*~ (outnumbered).
  1029 | D:2      | 1029 ||| INVOKING Spit Poison.
  1031 | D:2      | HP: 9/39 [goblin/+0 club[Robin] (5)]
  1031 | D:2      | HP: 4/39 [hobgoblin[Robin] (4)]
  1032 | D:2      | HP: 1/39 [hobgoblin[Robin] (2)]
  1032 | D:2      | Slain by a goblin

Levels and vault maps discovered:
D:1:      minmay_arrival_jagged, layout_loops_ring
D:2:      minmay_chambers_of_twos, layout_loops_cross, uniq_crazy_yiuf_cottage,
          uniq_robin, uniq_jessica, uniq_sigmund

Skill      XL: |  1  2  3 |
---------------+----------+-----
Ranged Weapons | 4 5 |  5.1
Fighting       | |  2.0
Dodging        | |  1.5
Stealth        | |  1.5

Action                     |  1- 3 |  4- 6 || total
---------------------------+-------+-------++-------
   Fire: Shortbow          |    55 |     6 ||    61
Ability: Spit Poison       |    24 |     2 ||    26
    Use: Scroll            |     6 |       ||     6
 Armour: Leather armour    |     9 |     3 ||    12
  Dodge: Dodged            |    14 |     8 ||    22

Table legend:
 A = Non-vault XP
 B = Vault XP
 C = Vault XP percentage of total XP
 D = Non-vault monster count
 E = Vault monster count
 F = Vault count percentage of total count
                 A         B        C        D         E       F
            +---------+---------+-------+---------+---------+-------
      Total |      56 |      43 |  43.4 |      32 |       4 |  11.1
            +---------+---------+-------+---------+---------+-------
        D:1 |      48 |       0 |   0.0 |      27 |       0 |   0.0
        D:2 |       8 |      43 |  84.3 |       5 |       4 |  44.4
            +---------+---------+-------+---------+---------+-------
